 Dungeon Crawl Stone Soup version 0.31-a0-542-gdc2a67831c (webtiles) character file.

Game seed: 15926229591893846111

273 Arcadio the Shooter (level 6, -2/49 HPs)
             Began as a Formicid Hunter on Aug 14, 2023.
             Slain by Crazy Yiuf
             ... wielding a +3 quarterstaff of chaos
              (6 damage)
             ... on level 3 of the Dungeon.
             The game lasted 00:08:28 (2717 turns).

Arcadio the Shooter (Formicid Hunter)               Turns: 2717, Time: 00:08:29

Health: -2/49      AC:  3    Str: 16    XL:     6   Next: 48%
Magic:  0/6        EV: 12    Int:  8    God:
Gold:   161        SH:  0    Dex: 19    Spells: 5/5 levels left

rFire   . . .        b - +0 rapier
rCold   . . .        (no shield)
rNeg    . . .        c - +0 leather armour
rPois   .            (helmet unavailable)
rElec   .            (no cloak)
rCorr   .            (no gloves)
SInv    +            (no boots)
Will    .....        h - amulet of guardian spirit
Stlth   ++           s - +4 ring of slaying
HPRegen 0.28/turn    (no ring)
MPRegen 0.10/turn

%: guardian spirit
@: no status effects
A: permanent stasis, dig shafts and tunnels, antennae 3, four strong arms
a: Dig, Shaft Self


You were on level 3 of the Dungeon.
You visited 1 branch of the dungeon, and saw 4 of its levels.

You collected 161 gold pieces.

Inventory:

Hand Weapons
 a - a +0 shortbow
 b - a +0 rapier (weapon)
 j - a +0 hand axe of draining
 p - a +0 dagger
Armour
 c - a +0 leather armour (worn)
Jewellery
 h - an amulet of guardian spirit (around neck)
 l - a ring of fire
 s - a +4 ring of slaying (left hand)
Scrolls
 d - a scroll of butterflies
 e - a scroll of vulnerability
 i - a scroll of revelation {unknown}
 m - 2 scrolls of fog {unknown}
 o - a scroll of blinking {unknown}
 q - a scroll of silence {unknown}
 t - a scroll of teleportation {unknown}
Potions
 f - a potion of lignification {unknown}
 g - 2 potions of brilliance {unknown}
 k - a potion of cancellation
 n - a potion of resistance
 r - a potion of magic {unknown}
 u - a potion of attraction {unknown}


   Skills:
 + Level 4.4 Fighting
 + Level 5.2 Ranged Weapons
 + Level 3.5 Armour
 - Level 1.7 Dodging
 - Level 1.2 Stealth


You had 5 spell levels left.
You didn't know any spells.
Your spell library contained the following spells:

 Spells                   Type           Power      Damage    Failure   Level
 Inner Flame              Hex/Fire       0%         N/A       83%         3
 Flame Wave               Conj/Fire      0%         2d4       99%         4
 Sticky Flame             Conj/Fire      0%         2d3       99%         4
 Summon Forest            Summ/Tloc      0%         N/A       100%        5
 Eringya's Noxious Bog    Tmut/Pois      0%         4d6       100%        6
 Summon Hydra             Summ           0%         N/A       100%        7


Dungeon Overview and Level Annotations

Branches:
Dungeon (4/15) Zot: 21253
 Temple: D:4-7

Altars:
Trog

Annotations:
D:3 Crazy Yiuf


Innate Abilities, Weirdness & Mutations

You cannot be hasted, slowed, berserked, paralysed or teleported.
You can dig through walls and to a lower floor.
You have a pair of large antennae on your head. (SInv)
Your four strong arms can wield two-handed weapons with a shield.


Message History

There is a bloodstained altar of Trog here.
There is an open door here.
You see here a +0 robe.
You now have 161 gold pieces (gained 18).
You see here the felid skeleton of Natasha.
b - a +0 rapier (weapon)
Crazy Yiuf shouts!
You open the door. You barely miss Crazy Yiuf.
Crazy Yiuf says, "Powder noodlescoop tea!"
Crazy Yiuf closely misses you.
You barely miss Crazy Yiuf.
Crazy Yiuf laughs, "Defame hand chair!"
Crazy Yiuf hits you with a +3 quarterstaff of chaos!
Crazy Yiuf freezes you.
You barely miss Crazy Yiuf.
Crazy Yiuf cries, "Seed ena chair!"
Crazy Yiuf hits you with a +3 quarterstaff of chaos.
Crazy Yiuf burns you.
Crazy Yiuf hits you with a +3 quarterstaff of chaos!
You are electrocuted!
* * * LOW HITPOINT WARNING * * *
You hit Crazy Yiuf.
Crazy Yiuf is lightly wounded.
Crazy Yiuf misses you.
You hit Crazy Yiuf.
Crazy Yiuf is moderately wounded.
Crazy Yiuf hits you with a +3 quarterstaff of chaos.
* * * LOW HITPOINT WARNING * * *
Crazy Yiuf freezes you.
* * * LOW HITPOINT WARNING * * *
It was a potion of resistance.
You feel protected. Crazy Yiuf barely misses you.
It was a potion of cancellation.
Your magical effects are unravelling.
You feel magically purged.
Your resistance to elements expires.
Crazy Yiuf hits you with a +3 quarterstaff of chaos!
You die...

####♣♣ ### ####### ###....♣♣
♣♣#..)# #.....##
####.......♣♣♣♣@g...# #....<.##
#....#......♣..♣#...# #...)...#
#.#####....♣.♣♣♣ ### #.......#
##.# ###♣♣♣♣♣ #.......# ...#
#.......# ...#
###############.......# ...#
#....................)## ..÷#
###.######............>...
...#####...#######.....#.........


You could see Crazy Yiuf.

Vanquished Creatures
  A black bear (D:3)
  Natasha (thrice) (D:3)
  2 adders
  2 orcs (D:3)
  7 endoplasms
  7 giant cockroaches
  11 goblins
  10 hobgoblins
  4 jackals
  4 kobolds
  A quokka (D:4)
  8 ball pythons
  6 bats
  9 frilled lizards
  3 rats
78 creatures vanquished.

Notes
Turn   | Place    | Note
-------+----------+-------------------------------------------
     0 | D:1      | Arcadio the Formicid Hunter began the quest for the Orb.
     0 | D:1      | Reached XP level 1. HP: 16/16 MP: 1/1
    41 | D:1      | Reached XP level 2. HP: 23/23 MP: 2/2
    60 | D:1      | Reached skill level 1 in Armour
   334 | D:1      | Reached XP level 3. HP: 28/28 MP: 3/3
   994 | D:2      | Reached XP level 4. HP: 35/35 MP: 4/4
  1572 | D:3      | Noticed Natasha
  1699 | D:3      | You fall into a shaft and drop 1 floor!
  2062 | D:3      | Noticed a black bear
  2070 | D:3      | Killed a black bear
  2071 | D:3      | Reached skill level 5 in Ranged Weapons
  2071 | D:3      | Reached XP level 5. HP: 12/42 MP: 1/5
  2071 | D:3      | Reached XP level 6. HP: 14/48 MP: 1/6
  2180 | D:3      | Killed Natasha
  2193 | D:3      | Noticed Natasha
  2197 | D:3      | Killed Natasha
  2269 | D:3      | Found a faded altar of an unknown god.
  2378 | D:3      | Noticed Natasha
  2389 | D:3      | Killed Natasha
  2494 | D:3      | Found a runed translucent door.
  2495 | D:3      | Noticed Crazy Yiuf
  2531 | D:3      | Found a bloodstained altar of Trog.
  2717 | D:3      | Slain by Crazy Yiuf

Illustrated notes

Levels and vault maps discovered:
D:1:      dpeg_arrival_tiny_d, layout_basic, due_unseen_surprise
D:2:      layout_loops_ring
D:3:      layout_rooms, lightli_temple_of_fire,
          chequers_ecumenical_altar_island, uniq_natasha,
          uniq_crazy_yiuf_cottage
D:4:      layout_rooms, led_sif_book, mainiacjoe_overflow_large_starburst,
          bh_walls_and_bars

Skill      XL: |  1  2  3  4 |
---------------+-------------+-----
Armour         | 1 3 |  3.5
Fighting       | 3 4 |  4.4
Ranged Weapons | 5 |  5.2
Dodging        | |  1.7
Stealth        | |  1.2

Action                     |  1- 3 |  4- 6 || total
---------------------------+-------+-------++-------
  Melee: Dagger            |    29 |    68 ||    97
         Punch             |     1 |     1 ||     2
         Rapier            |       |    23 ||    23
   Fire: Shortbow          |    68 |    74 ||   142
Ability: Dig               |     2 |       ||     2
         Shaft Self        |       |     1 ||     1
    Use: Scroll            |       |     1 ||     1
         Potion            |       |     2 ||     2
   Stab: Sleeping          |     2 |       ||     2
 Armour: Leather armour    |     6 |    28 ||    34
  Dodge: Dodged            |    19 |   102 ||   121

Table legend: (Time is in decaauts)
 A = Elapsed time spent in this place.
 B = Non-inter-level travel time spent in this place.
 C = Inter-level travel time spent in this place.
 D = Time resting spent in this place.
 E = Time spent auto-exploring this place.
 F = Levels seen in this place.
 G = Mean time per level.
                   A        B        C        D        E       F      G
               +--------+--------+--------+--------+--------+-----+--------+
         Total |   2745 |   2654 |     91 |    411 |   1658 |   4 |  686.2 |
       Dungeon |   2745 |   2654 |     91 |    411 |   1658 |   4 |  686.2 |
               +--------+--------+--------+--------+--------+-----+--------+

Top non-repeatable levels by time:
     D:3: 907 daAuts
     D:2: 857 daAuts
     D:1: 695 daAuts
     D:4: 285 daAuts
